 Dungeon Crawl Stone Soup version 0.20-a0-1039-gf554463 (webtiles) character file.

143 graki42 the Shield-Bearer (level 5, -8/46 HPs)
             Began as a Minotaur Fighter on Apr 23, 2017.
             Splashed by a kobold's acid (10 damage)
             ... on level 3 of the Dungeon.
             The game lasted 00:03:56 (1500 turns).

graki42 the Shield-Bearer (Minotaur Fighter)        Turns: 1500, Time: 00:03:57

Health: -8/46      AC:  3    Str: 20    XL:     5   Next: 4%
Magic:  4/4        EV:  4    Int:  6    God:
Gold:   107        SH:  9    Dex: 10    Spells: 4/4 levels left

rFire    . . .     SeeInvis +   a - +0 long sword
rCold    . . .     Gourm    .   c - +0 shield
rNeg     . . .     Faith    .   x - +0 plate armour
rPois    +         Spirit   .   (helmet restricted)
rElec    .         Reflect  .   (no cloak)
rCorr    .         Harm     .   (no gloves)
MR       .....                  (no boots)
Stlth    ..........             (no amulet)
Regen    0.2/turn               w - ring of poison resistance
MPRegen  0.1/turn               s - ring of see invisible

@: corroded
A: retaliatory headbutt, horns 2
a: no special abilities


You were on level 3 of the Dungeon.
You were not hungry.

You visited 1 branch of the dungeon, and saw 3 of its levels.

You collected 107 gold pieces.

Inventory:

Hand Weapons
 a - a +0 long sword (weapon)
Armour
 c - a +0 shield (worn)
 x - a +0 plate armour (worn)
Jewellery
 s - a ring of see invisible (right hand)
 w - a ring of poison resistance (left hand)
Wands
 u - a wand of polymorph (8/24)
Scrolls
 e - a scroll of blinking {unknown}
 g - 2 scrolls of identify {unknown}
 h - 2 scrolls of enchant armour {unknown}
 j - 3 scrolls of remove curse {unknown}
 k - a scroll of immolation {unknown}
 n - a scroll of magic mapping {unknown}
 o - 2 scrolls of enchant weapon {unknown}
 q - a scroll of teleportation {unknown}
Potions
 d - a potion of might
 i - a potion of agility {unknown}
 l - a potion of flight {unknown}
 m - a potion of heal wounds {unknown}
 p - a potion of mutation {unknown}
 r - a potion of brilliance {unknown}
 t - 2 potions of lignification {unknown}
 v - a potion of resistance {unknown}
Comestibles
 f - 4 bread rations


   Skills:
 + Level 4.0 Fighting
 + Level 4.4 Long Blades
 + Level 4.1 Armour
 + Level 1.2 Dodging
 + Level 0.3 Stealth
 + Level 4.8 Shields


You had 4 spell levels left.
You didn't know any spells.

Dungeon Overview and Level Annotations

Branches:
Dungeon (3/15)

Altars:

Annotations:
D:3 Jessica, Terence


Innate Abilities, Weirdness & Mutations

You reflexively headbutt those who attack you in melee.
You have a pair of horns on your head.


Message History

You start putting on your armour.
You continue putting on your plate armour. x5
You finish putting on your +0 plate armour.
Unknown command.
Drop what? 24/52 slots (_ for help) (? for menu, Esc to quit)
You drop a +0 scale mail.
Found 19 stones.
You see here 19 stones.
The kobold shouts!
The kobold zaps a wand.
The bolt of acid hits you!
Ouch! That really hurt!
The acid corrodes you!
You are splashed with acid!
The acid burns!
* * * LOW HITPOINT WARNING * * *
It is a wand of acid (?/15).
The kobold throws a stone.
The stone hits you but does no damage.
You see here a stone.
The kobold zaps a wand.
The bolt of acid hits you!
* * * LOW HITPOINT WARNING * * *
The acid corrodes you!
You are splashed with acid!
The acid burns!
You die...

##.## #.## .# #.#
#.## . #.# #.##
##. #.# #... #..
#.# ####
#K#######.# #
#.#...[...# #
#.#.####### #
#@#.#### #
#(#.(..## #
.#####.#.....## #
.......$..........
#
..#######.....####
# #....## # #.####
.# #.# .. #.# #


You could see a kobold.

Vanquished Creatures
  Natasha (D:2)
  Robin (D:2)
  4 adders
  An adder zombie (D:3)
  A worm (D:2)
  A dart slug (D:1)
  4 orcs (D:3)
  3 bats
  18 goblins
  4 hobgoblins
  2 kobolds
  4 quokkas
  A ball python (D:1)
  5 frilled lizards
  13 rats
63 creatures vanquished.

Notes
Turn   | Place    | Note
-------+----------+-------------------------------------------
     0 | D:1      | graki42 the Minotaur Fighter began the quest for the Orb.
     0 | D:1      | Reached XP level 1. HP: 19/19 MP: 0/0
   134 | D:1      | Reached XP level 2. HP: 22/27 MP: 1/1
   790 | D:2      | Noticed Robin
   794 | D:2      | Reached XP level 3. HP: 31/33 MP: 2/2
   800 | D:2      | Killed Robin
  1126 | D:2      | Noticed Natasha
  1130 | D:2      | Reached XP level 4. HP: 38/40 MP: 3/3
  1136 | D:2      | Killed Natasha
  1136 | D:2      | Reached skill level 1 in Dodging
  1397 | D:3      | Reached XP level 5. HP: 43/46 MP: 4/4
  1421 | D:3      | Noticed Terence
  1422 | D:3      | Noticed Jessica
  1500 | D:3      | HP: 2/46 [kobold/wand of acid (?/15) (8)]
  1500 | D:3      | Splashed by a kobold's acid

Vault maps used:
D:1:      dpeg_arrival_short_road, grunt_decor_cap,
          hangedman_decor_diamond_cutter, minmay_misc_feat_more_columns
D:2:      uniq_natasha, uniq_robin
D:3:      first_bread, uniq_terence, uniq_jessica

Skill      XL: |  1  2  3  4 |
---------------+-------------+-----
Shields        | 4 |  4.8
Long Blades    | 3 4 |  4.4
Armour         | 4 |  4.1
Dodging        | 1 |  1.2
Fighting       | 4 |  4.0
Stealth        | |  0.3

Action                   |  1- 3 |  4- 6 || total
-------------------------+-------+-------++-------
Melee: Long sword        |    98 |    48 ||   146
       Headbutt          |     6 |    11 ||    17
       Unarmed           |       |     5 ||     5
  Eat: Chunk             |       |     2 ||     2
Armor: Scale mail        |    49 |    14 ||    63
       Plate armour      |       |     1 ||     1
Dodge: Dodged            |    25 |    29 ||    54
Block: Shield            |    54 |    29 ||    83
       Rpst.: Long sword |     5 |     5 ||    10
